 Dungeon Crawl Stone Soup version 0.17.1-3-g152610e (webtiles) character file.

751 suchStupidity the Skirmisher (level 7, -13/60 HPs)
             Began as a Centaur Chaos Knight on Feb 28, 2016.
             Killed by divine providence
             ... invoked by an orc priest
              (14 damage)
             ... on level 6 of the Dungeon on Feb 29, 2016.
             The game lasted 00:38:55 (3225 turns).

suchStupidity the Skirmisher (Centaur Chaos Knight) Turns: 3225, Time: 00:38:59

Health: -13/60     AC: 25    Str: 16    XL:     7   Next: 49%
Magic:  7/7        EV:  6    Int: 11    God:    Xom [....*.]
Gold:   155        SH:  0    Dex:  9    Spells: 0 memorised, 6 levels left

rFire  . . .     SeeInvis .     a - +0 spear (chaos)
rCold  . . .     Clarity  .     e - +2 scale mail {rPois}
rNeg   + . .     SustAt   .     (no shield)
rPois  +         Gourm    +     (no helmet)
rElec  .         Spirit   .     (no cloak)
rCorr  .         Warding  .     k - +1 pair of gloves
rMut   .         Stasis   .     x - +10 Black Knight's horse barding {ponderous, rPois rN+}
MR     .....                    d - amulet of the gourmand
Stlth  ..........               (no ring)
                                (no ring)

@: quick, not resistant to hostile enchantments, extremely unstealthy
A: hooves 3, deformed body, speed 2, tough skin 3
a: Renounce Religion


You were on level 6 of the Dungeon.
You worshipped Xom.
You were a beloved toy of Xom.
You were hungry.

You visited 1 branch of the dungeon, and saw 6 of its levels.

You collected 263 gold pieces.
You spent 108 gold pieces at shops.

Inventory:

Hand Weapons
 a - a +0 spear of chaos (weapon)
 p - a +1 vampiric whip
Missiles
 v - 13 arrows of flame
 D - 6 needles of paralysis
Armour
 b - a +2 leather armour
 e - a +2 scale mail of poison resistance (worn)
 k - a +1 pair of gloves (worn)
 x - the +10 Black Knight's horse barding (worn) {ponderous, rPois rN+}
   (You found it on level 6 of the Dungeon)

   It protects you from poison.
   It protects you from negative energy.
Jewellery
 d - an amulet of the gourmand (around neck)
Wands
 w - a wand of cold (7)
Scrolls
 f - a scroll of random uselessness {unknown}
 g - 2 scrolls of identify
 h - 2 scrolls of teleportation
 l - 3 scrolls of noise
 m - a scroll of enchant weapon {unknown}
 n - 4 scrolls of remove curse
 r - a scroll of blinking {unknown}
 t - 2 scrolls of enchant armour {unknown}
 y - a scroll of fear {unknown}
Potions
 i - 2 potions of brilliance
 j - a potion of flight {unknown}
 q - a potion of agility {unknown}
 s - a potion of resistance {unknown}
 u - 2 potions of curing
Comestibles
 c - 4 bread rations
 o - a meat ration
 A - a beef jerky
 C - a slice of pizza


   Skills:
 + Level 4.8 Fighting
 + Level 4.4 Polearms
 + Level 3.1 Armour
 + Level 3.1 Dodging
 + Level 1.3 Stealth


You had 6 spell levels left.
You didn't know any spells.

Dungeon Overview and Level Annotations

Branches:
Dungeon (6/15)             Temple (0/1) D:6

Altars:
Ashenzari
Cheibriados
Dithmenos
Kikubaaqudgha
Ru
The Shining One

Shops:
D:4 ?


Innate Abilities, Weirdness & Mutations

You have hooves in place of feet.
Armour fits poorly on your strangely shaped body.
You cover ground very quickly.
You have extremely tough skin (AC +3).


Message History

The orc priest invokes the aid of Beogh against you.
Something smites you!
* * * LOW HITPOINT WARNING * * *
You closely miss the orc priest.
The orc priest is severely wounded.
The orc priest invokes the aid of Beogh against you.
Something smites you!
* * * LOW HITPOINT WARNING * * *
The orc priest invokes the aid of Beogh against you.
Something smites you!
You die... "Not here, not now."
Xom revives you!
As you read the scroll labeled HAOLU PIAZILUZUESU, it crumbles to dust.
The creatures around you are filled with an inner flame!
It was a scroll of immolation.
The orc priest calls down the wrath of Beogh upon you.
Something smites you!
You die...
Xom roars with laughter!

*****,***,* #.#
*,* *,* #.# *,*
*,* #.# *,* *,*
#.# ***##,***,*
#.# *,,...,,,,*
#.# *,**#.##***
#†# *,* *...#* #.#
*,* *,#..### #@#
*,* ***#...# #.#
*,**** #.⌠.# ###o#
,,,,.###...###..o#
*,**#..........###
,,* #.⌠..>..⌠.##
*** #.........#
####...#### #.⌠.#


You could see 2 orc priests.

Vanquished Creatures
  An ogre (D:6)
  A scorpion (D:5)
  A jelly (D:5)
  2 orc priests
  A hound (D:4)
  Terence (D:2)
  5 orc wizards
  A worker ant (D:5)
  4 gnolls (D:2)
  9 adders
  A river rat (shapeshifter) (D:6)
  2 shadow imps (D:5)
  An adder skeleton (D:4)
  2 worms
  12 orcs
  A ball python (D:2)
  6 hobgoblins
  5 kobolds
  3 bats
  A giant cockroach (D:4)
  3 giant newts
  3 goblins
  9 jackals
  A quokka skeleton (D:5)
  7 rats
83 creatures vanquished.

Vanquished Creatures (collateral kills)
  An orc warrior (D:6)
  A giant frog (D:6)
  An orc (D:6)
3 creatures vanquished.

Vanquished Creatures (others)
  An orc priest (D:6)
1 creature vanquished.

Grand Total: 87 creatures vanquished

Notes
Turn   | Place    | Note
--------------------------------------------------------------
     0 | D:1      | suchStupidity the Centaur Chaos Knight began the quest for the Orb.
     0 | D:1      | Reached XP level 1. HP: 19/19 MP: 1/1
   253 | D:1      | Reached XP level 2. HP: 26/26 MP: 2/2
   262 | D:1      | XOM: divination: detect items
   357 | D:2      | XOM: potion effect (berserk rage)
   362 | D:2      | Reached skill level 1 in Dodging
   362 | D:2      | Reached XP level 3. HP: 31/31 MP: 3/3
   371 | D:2      | Reached skill level 4 in Fighting
   472 | D:2      | Reached XP level 4. HP: 36/40 MP: 4/4
   515 | D:2      | Found a faded altar to an unknown god.
   544 | D:2      | Noticed Terence
   574 | D:2      | Killed Terence
   667 | D:2      | XOM: silly message
   703 | D:2      | XOM: harmless Chrm miscast
   807 | D:3      | Found a shadowy altar of Dithmenos.
   847 | D:3      | XOM: fog
   865 | D:3      | Reached XP level 5. HP: 33/46 MP: 5/5
   877 | D:3      | XOM: mild Summ miscast
   963 | D:3      | XOM: summons 4 hostile shadow creatures
  1183 | D:3      | XOM: god gift: 27 gold pieces
  1278 | D:4      | Found an ancient bone altar of Kikubaaqudgha.
  1278 | D:4      | Found a sacrificial altar of Ru.
  1278 | D:4      | Found a shattered altar of Ashenzari.
  1337 | D:4      | Noticed a mottled dragon
  1337 | D:4      | a worm changed into a mottled dragon
  1337 | D:4      | XOM: polymorph worm -> mottled dragon
  1341 | D:4      | XOM: smoke on damage
  1666 | D:4      | Reached XP level 6. HP: 53/53 MP: 6/6
  1929 | D:4      | Found Paniw's Magic Scroll Shoppe.
  1932 | D:4      | Bought a scroll of identify for 24 gold pieces
  1932 | D:4      | Bought a scroll of magic mapping for 42 gold pieces
  1932 | D:4      | Bought a scroll of magic mapping for 42 gold pieces
  2010 | D:5      | Entered Level 5 of the Dungeon
  2091 | D:5      | Found a glowing golden altar of the Shining One.
  2149 | D:5      | XOM: enchant monster (bad)
  2340 | D:5      | XOM: stat loss: -1 Int (10/11)
  2454 | D:5      | XOM: medium Necr miscast
  2495 | D:5      | XOM: polymorph orc wizard -> jelly
  2748 | D:6      | XOM: cast spell 'Shadow Creatures'
  2761 | D:6      | Reached skill level 1 in Stealth
  2761 | D:6      | Reached XP level 7. HP: 36/60 MP: 7/7
  2864 | D:6      | Found a snail-covered altar of Cheibriados.
  2864 | D:6      | XOM: 1-stop teleportation journey
  2916 | D:6      | XOM: noise
  3038 | D:6      | XOM: smoke on damage
  3066 | D:6      | XOM: polymorph giant frog -> iguana
  3131 | D:6      | XOM: god gift: 6 needles of paralysis
  3136 | D:6      | Found a staircase to the Ecumenical Temple.
  3142 | D:6      | XOM: harmless Chrm miscast
  3166 | D:6      | XOM: divine lightning (protected)
  3224 | D:6      | Xom revived you
  3225 | D:6      | Killed from afar by an orc priest

Action                   |  1- 3 |  4- 6 |  7- 9 || total
-------------------------+-------+-------+-------++-------
Melee: Spear             |    66 |   332 |    93 ||   491
Evoke: Wand              |       |     1 |       ||     1
  Use: Potion            |     2 |     7 |     1 ||    10
       Scroll            |       |     5 |     2 ||     7
 Stab: Paralysed         |       |     4 |       ||     4
       Confused          |       |     3 |     1 ||     4
       Petrifying        |       |       |     1 ||     1
  Eat: Beef jerky        |       |     1 |       ||     1
       Meat ration       |       |     1 |       ||     1
